 Dungeon Crawl Stone Soup version 0.30.1-3-gfc49f6343a (webtiles) character file.

Game seed: 6635692680824639940

9836 Peloso the Carver (level 11, 0/97 HPs)
             Began as a Minotaur Fighter on July 19, 2023.
             Was an Elder of Okawaru.
             Slain by an ice beast (10 damage)
             ... summoned by Fannar
             ... on level 10 of the Dungeon.
             The game lasted 00:31:12 (9732 turns).

Peloso the Carver (Minotaur Fighter)                Turns: 9732, Time: 00:31:13

Health: 0/97       AC: 23    Str: 21    XL:     11   Next: 28%
Magic:  9/11       EV: 11    Int:  5    God:    Okawaru [****..]
Gold:   637        SH: 14    Dex: 16    Spells: 10/10 levels left

rFire   + . .        a - +0 long sword "Rudgheul" {spect, rF+ rCorr Str-2 Dex+4}
rCold   . . .        d - +0 kite shield
rNeg    . . .        M - +0 plate armour
rPois   .            J - +2 hat
rElec   .            e - +1 cloak {rCorr}
rCorr   +            n - +0 pair of gloves
SInv    .            (no boots)
Will    .....        (no amulet) Stlth
                     E - ring of flight
HPRegen 0.36/turn    (no ring)
MPRegen 0.12/turn

%: no passive effects
@: heroic, flying
A: horns 2, retaliatory headbutt
a: Renounce Religion, Heroism, Finesse


You were on level 10 of the Dungeon.
You worshipped Okawaru.
Okawaru was greatly pleased with you.
You visited 2 branches of the dungeon, and saw 11 of its levels.

You collected 697 gold pieces.
You spent 60 gold pieces at shops.

Inventory:

Hand Weapons
 a - the +0 long sword "Rudgheul" (weapon) {spect, rF+ rCorr Str-2 Dex+4}
   (You found it on level 5 of the Dungeon)

   Str:       It affects your strength (-2).
   Dex:       It affects your dexterity (+4).
   rF:        It protects you from fire.
   rCorr:     It protects you from acid and corrosion.
 b - a +0 spear of flaming
Missiles
 q - 2 throwing nets (quivered)
Armour
 d - a +0 kite shield (worn)
 e - a +1 cloak of preservation (worn)
 n - a +0 pair of gloves (worn)
 w - a +0 scale mail
 J - a +2 hat (worn)
 M - a +0 plate armour (worn)
Jewellery
 i - an amulet of the acrobat
 E - a ring of flight (left hand)
 P - an amulet of regeneration
Wands
 s - a wand of charming (12)
 x - a wand of polymorph (13)
 D - a wand of iceblast (14)
Scrolls
 f - 7 scrolls of teleportation
 g - 2 scrolls of torment {unknown}
 h - 3 scrolls of poison
 k - 4 scrolls of amnesia {unknown}
 l - 4 scrolls of noise
 m - a scroll of blinking {unknown}
 o - 2 scrolls of fear {unknown}
 p - 2 scrolls of vulnerability {unknown}
 t - a scroll of fog {unknown}
 y - 8 scrolls of immolation {unknown}
 B - a scroll of enchant weapon {unknown}
 C - 3 scrolls of magic mapping {unknown}
 G - a scroll of brand weapon {unknown}
 H - 2 scrolls of enchant armour {unknown}
 L - a scroll of acquirement {unknown}
Potions
 j - 3 potions of might
 r - 2 potions of flight
 u - 2 potions of ambrosia
 v - 3 potions of brilliance
 z - 2 potions of magic
 A - a potion of invisibility
 F - 2 potions of curing
 I - a potion of resistance {unknown}
 K - a potion of haste
 N - 2 potions of cancellation
 O - a potion of mutation


   Skills:
 + Level 9.1(14.1) Fighting
 + Level 12.6(17.6) Long Blades
 + Level 0.2(5.2) Throwing
 + Level 10.2(15.2) Armour
 + Level 4.9(9.9) Dodging
 + Level 2.1(7.1) Stealth
 + Level 10.4(15.4) Shields
 + Level 1.3 Invocations


You had 10 spell levels left.
You didn't know any spells.
Your spell library contained the following spells:

 Spells                   Type           Power      Damage    Failure   Level
 Beastly Appendage        Tmut           0%         N/A       100%        1
 Freeze                   Ice            0%         1d3       100%        1
 Sandblast                Erth           0%         2d4       100%        1
 Shock                    Conj/Air       0%         1d3       100%        1
 Blink                    Tloc           0%         N/A       100%        2
 Ensorcelled Hibernation  Hex/Ice        0%         N/A       100%        2
 Lesser Beckoning         Tloc           0%         N/A       100%        2
 Momentum Strike          Conj/Tloc      0%         3d8       100%        2
 Passwall                 Tmut/Erth      0%         N/A       100%        2
 Poisonous Vapours        Pois/Air       0%         N/A       100%        2
 Wereblood                Tmut           0%         N/A       100%        2
 Dazzling Flash           Conj/Hex       0%         N/A       100%        3
 Frozen Ramparts          Ice            0%         1d1       100%        3
 Hailstorm                Conj/Ice       0%         3d3       100%        3
 Inner Flame              Hex/Fire       0%         N/A       100%        3
 Mephitic Cloud           Conj/Pois/Air  0%         N/A       100%        3
 Ozocubu's Armour         Ice            0%         N/A       100%        3
 Spider Form              Tmut/Pois      0%         N/A       100%        3
 Stone Arrow              Conj/Erth      0%         3d7       100%        3
 Swiftness                Air            0%         N/A       100%        3
 Volatile Blastmotes      Fire/Tloc      0%         2d10      100%        3
 Airstrike                Air            0%         2d(0-16)  100%        4
 Anguish                  Hex/Necr       0%         N/A       100%        4
 Flame Wave               Conj/Fire      0%         2d4       100%        4
 Iskenderun's Mystic Bla  Conj/Tloc      0%         2d3       100%        4
 Sticky Flame             Conj/Fire      0%         2d3       100%        4
 Freezing Cloud           Conj/Ice/Air   0%         6-21      100%        5
 Starburst                Conj/Fire      0%         6d3       100%        6
 Ozocubu's Refrigeration  Ice            0%         4d7       100%        7


Dungeon Overview and Level Annotations

Branches:
Dungeon (10/15)            Temple (1/1) D:4            Lair (0/5) D:8
    Orc (0/2) D:10

Altars:
Ashenzari
Cheibriados
Dithmenos
Elyvilon
Fedhas
Gozag
Hepliaklqana
Kikubaaqudgha
Makhleb
Nemelex Xobeh
Okawaru
Qazlal
Ru
Sif Muna
Vehumet
Wu Jian
Xom
Yredelemnul
Zin
The Shining One
Ignis

Shops:
D:1 (   D:8 ?   D:9 :

Annotations:
D:3 exclusion: statue
D:4 1 runed translucent door, engelados's ghost, amateur DECj
D:10 Fannar


Innate Abilities, Weirdness & Mutations

You have a pair of horns on your head.
You reflexively headbutt those who attack you in melee.


Message History

Your +0 long sword "Rudgheul" {spect, rF+ rCorr Str-2 Dex+4} misses Fannar.
Fannar casts a spell.
Unknown command.
You miss Fannar. Your headbutt misses Fannar.
Fannar is heavily wounded.
Your +0 long sword "Rudgheul" {spect, rF+ rCorr Str-2 Dex+4} barely misses Fannar.
The ice beast closely misses your +0 long sword "Rudgheul" {spect, rF+ rCorr Str-2 Dex+4}.
Fannar hits you with a staff of cold. Fannar freezes you!
* * * LOW HITPOINT WARNING * * *
You miss Fannar. Your headbutt misses Fannar.
Fannar is heavily wounded.
Your +0 long sword "Rudgheul" {spect, rF+ rCorr Str-2 Dex+4} hits Fannar!
The ice beast hits your +0 long sword "Rudgheul" {spect, rF+ rCorr Str-2 Dex+4} but does no damage.
Fannar says, "An icy embrace awaits you..."
You block Fannar's attack.
You slash Fannar! You headbutt Fannar, but do no damage.
Fannar is severely wounded.
Your +0 long sword "Rudgheul" {spect, rF+ rCorr Str-2 Dex+4} hits Fannar!
The ice beast barely misses your +0 long sword "Rudgheul" {spect, rF+ rCorr Str-2 Dex+4}. x2
Fannar gestures wildly while chanting.
Unknown command.
You gain the combat prowess of a mighty hero.
Your +0 long sword "Rudgheul" {spect, rF+ rCorr Str-2 Dex+4} disappears.
Fannar drinks a potion.
Fannar is healed!
You miss Fannar. You headbutt Fannar, but do no damage.
Fannar is heavily wounded.
The ice beast hits you but does no damage.
You block the ice beast's attack.
Unknown command.
You slash Fannar!
Fannar is heavily wounded.
Fannar hits you but does no damage. Fannar freezes you!
* * * LOW HITPOINT WARNING * * *
You block the ice beast's attack.
The ice beast hits you but does no damage.
Unknown command.
You feel better. You block Fannar's attack. The ice beast hits you.
* * * LOW HITPOINT WARNING * * *
The ice beast freezes you!
You die...

#..#.#.#....†..........#.#
#..#.#.##.###.###.###.##.#
#..#.#.................#.#
#..#.#.................#.#
#..#.####+###<##+#########
#..#.................
...#####################
#................Y.....#
#.....).)†......@Y.....#
####)####....####e######
#.# ###### #Y# # #.#
......o.....# # #..#
.............# # ##.#
.............# # ..
.............# # ##D
.Y...>.......# # #.
.............#


You could see Fannar and 3 ice beasts.

Vanquished Creatures
  2 two-headed ogres
  A kobold demonologist (D:10)
  A hornet (D:8)
  21 yaks
  2 vampire mosquitoes (D:10)
  A warg (D:10)
  7 water moccasins
  3 orc warriors
  An ice beast (D:6)
  2 sky beasts
  An ogre (D:4)
  A phantom (D:6)
  4 centaurs
  2 kobold brigands
  6 bullfrogs
  3 scorpions
  10 wights
  6 killer bees
  An electric eel (D:8)
  A howler monkey (D:8)
  2 quasits (D:8)
  4 hounds (D:5)
  7 orc priests
  Crazy Yiuf (D:2)
  3 iguanas
  2 sleepcaps (D:5)
  7 orc wizards
  8 gnolls
  15 adders
  4 shadow imps
  A white imp (D:5)
  6 ufetubi
  4 worms
  4 dart slugs
  29 orcs
  10 ball pythons
  7 bats
  3 endoplasms
  3 giant cockroaches (D:2)
  6 goblins
  7 hobgoblins
  5 quokkas
  2 frilled lizards (D:2)
  14 kobolds
  2 rats (D:2)
232 creatures vanquished.

Vanquished Creatures (others)
  Maurice (D:10)
  An orc wizard (D:10)
  3 spectral weapons
5 creatures vanquished.

Grand Total: 237 creatures vanquished

Notes
Turn   | Place    | Note
-------+----------+-------------------------------------------
     0 | D:1      | Peloso the Minotaur Fighter began the quest for the Orb.
     0 | D:1      | Reached XP level 1. HP: 19/19 MP: 0/0
    24 | D:1      | Found Osocw's Weapon Shoppe.
   471 | D:1      | Reached XP level 2. HP: 27/27 MP: 1/1
   916 | D:2      | Reached XP level 3. HP: 33/33 MP: 2/2
  1017 | D:2      | Reached skill level 3 in Long Blades
  1232 | D:2      | Reached XP level 4. HP: 33/40 MP: 3/3
  1312 | D:2      | Found a snail-covered altar of Cheibriados.
  1449 | D:2      | Found a runed translucent door.
  1450 | D:2      | Noticed Crazy Yiuf
  1500 | D:2      | Reached skill level 1 in Dodging
  1803 | D:3      | Reached skill level 4 in Long Blades
  1803 | D:3      | Reached skill level 5 in Shields
  1803 | D:3      | Reached XP level 5. HP: 37/46 MP: 4/4
  2012 | D:3      | Found a snail-covered altar of Cheibriados.
  2342 | D:3      | Found a radiant altar of Vehumet.
  2376 | D:3      | Found a stormy altar of Qazlal.
  2501 | D:3      | Noticed a frost-covered statue
  2674 | D:3      | Reached XP level 6. HP: 53/55 MP: 5/5
  2904 | D:3      | Reached skill level 5 in Fighting
  2904 | D:3      | Reached skill level 5 in Long Blades
  3361 | D:4      | Found a staircase to the Ecumenical Temple.
  3390 | Temple   | Entered the Ecumenical Temple
  3667 | D:4      | Noticed engelados's ghost (amateur DECj)
  3670 | D:4      | Found a runed translucent door.
  3749 | D:4      | HP: 2/40 [wight/+3 hand axe of freezing (1)]
  3981 | D:4      | Reached skill level 5 in Armour
  3981 | D:4      | Reached XP level 7. HP: 45/49 MP: 6/6
  4133 | D:5      | Entered Level 5 of the Dungeon
  4299 | D:5      | Reached skill level 6 in Long Blades
  4397 | D:5      | Found a burning altar of Makhleb.
  4440 | D:5      | Identified the +0 long sword "Rudgheul" {spect, rF+ rCorr
                  | Str-2 Dex+4}
  4675 | D:5      | Found an ornate altar of the Wu Jian Council.
  5165 | D:2      | Killed Crazy Yiuf
  5166 | D:2      | Reached skill level 7 in Long Blades
  5345 | D:6      | Noticed a yak
  5345 | D:6      | Noticed a yak
  5345 | D:6      | Noticed a yak
  5345 | D:6      | Noticed a yak
  5345 | D:6      | Noticed a yak
  5348 | D:6      | Noticed a yak
  5355 | D:5      | Killed a yak
  5356 | D:5      | Reached XP level 8. HP: 57/69 MP: 7/7
  5567 | D:6      | Reached skill level 8 in Long Blades
  5758 | D:6      | Reached XP level 9. HP: 74/75 MP: 8/8
  5954 | D:6      | Reached skill level 9 in Long Blades
  6266 | D:7      | Identified the +1 dagger of Ochiynlu {protect, rF++}
  6895 | D:7      | Found an iron altar of Okawaru.
  6900 | D:7      | Became a worshipper of Warmaster Okawaru
  7146 | D:8      | Reached skill level 1 in Stealth
  7229 | D:8      | Reached * piety under Okawaru
  7230 | D:8      | Reached skill level 10 in Long Blades
  7370 | D:8      | Found a staircase to the Lair.
  7378 | D:8      | Noticed a two-headed ogre
  7388 | D:8      | Killed a two-headed ogre
  7389 | D:8      | Reached XP level 10. HP: 42/86 MP: 9/9
  7399 | D:8      | Reached ** piety under Okawaru
  7652 | D:8      | Reached skill level 11 in Long Blades
  7876 | D:8      | Found Heoq's Magic Scroll Emporium.
  7879 | D:8      | Bought a scroll of noise for 15 gold pieces
  7879 | D:8      | Bought a scroll of teleportation for 45 gold pieces
  8108 | D:8      | Found a broken altar of Ashenzari.
  8415 | D:9      | Reached *** piety under Okawaru
  8449 | D:9      | Noticed a two-headed ogre
  8457 | D:9      | Killed a two-headed ogre
  8518 | D:9      | Found a sparkling altar of Nemelex Xobeh.
  8729 | D:9      | Reached skill level 12 in Long Blades
  8886 | D:9      | Found Wonaum's Book Shoppe.
  9153 | D:10     | Entered Level 10 of the Dungeon
  9160 | D:10     | Reached **** piety under Okawaru
  9171 | D:10     | Reached XP level 11. HP: 95/95 MP: 10/10
  9257 | D:10     | Reached skill level 10 in Armour
  9279 | D:10     | Noticed a sixfirhy
  9490 | D:10     | Reached skill level 10 in Shields
  9495 | D:10     | Reached skill level 1 in Invocations
  9676 | D:10     | Noticed Fannar
  9677 | D:10     | Found a staircase to the Orcish Mines.
  9678 | D:10     | Noticed Maurice
  9721 | D:10     | Killed Maurice
  9732 | D:10     | Slain by an ice beast

Illustrated notes

Levels and vault maps discovered:
D:1:      co_arrival_square_in_a_square_in_a_square, layout_loops_cross,
          serial_shops, nicolae_shop_behind_doors,
          amcnicky_mini_rare_corridor_liquid, chequers_avenue
D:2:      layout_loops_cross, basic_altar, grunt_ministairs_15,
          minmay_randomly_rotated_circles, uniq_crazy_yiuf_cottage
D:3:      layout_basic, vehumet_statue, marbit_many_paths,
          mainiacjoe_overflow_small_starburst, minivault_14, st_stairs_1
D:4:      layout_basic, minmay_temple_entry_tees, hellmonk_ghost_happy_afterlife
D:5:      layout_loops_cross, amcnicky_altar_gilded, mainiacjoe_overflow_paths,
          kennysheep_generic_room_16
D:6:      layout_rooms
D:7:      layout_cave_pods, kennysheep_little_box, minmay_gold_behind_fungi
D:8:      layout_loops_ring, kennysheep_mini, due_lair_maze_entry_diamond,
          serial_demonic, serial_demonic_e, serial_demonic_a, serial_demonic_d,
          serial_demonic_f, serial_shops, shop, kennysheep_dice
D:9:      layout_irregular_city, nemelex_spade_bored_becter, serial_shops,
          nicolae_shop_just_a_little_nook
D:10:     layout_basic, amethyst_overflow_temple_binary, david_orc_3,
          nicolae_concentric_dashed_squares_mild, wad_mini_maze, uniq_maurice,
          uniq_fannar, uniq_maggie
Temple:   ebering_untended_altars

Skill      XL: |  1  2  3  4  5  6  7  8  9 10 11 |
---------------+----------------------------------+-----
Fighting       | 4 5 6 7 8 9 |  9.1
Shields        | 4 5 6 7 8 9 10 | 10.4
Armour         | 4 5 6 8 9 10 | 10.2
Long Blades    | 3 4 5 7 8 10 12 | 12.6
Dodging        | 1 2 3 4 |  4.9
Stealth        | 1 2 |  2.1
Invocations    | 1 |  1.3
Throwing       | |  0.2

Action                     |  1- 3 |  4- 6 |  7- 9 | 10-12 || total
---------------------------+-------+-------+-------+-------++-------
  Melee: Long sword        |    74 |   191 |   235 |   268 ||   768
         Headbutt          |    10 |    34 |    45 |    62 ||   151
  Throw: Throwing net      |       |     1 |       |       ||     1
 Invoke: Heroism           |       |       |       |     8 ||     8
    Use: Scroll            |     1 |     6 |     3 |     2 ||    12
         Potion            |     1 |     3 |       |     2 ||     6
   Stab: Distracted        |       |       |     2 |     2 ||     4
 Armour: Scale mail        |    36 |    69 |    78 |    35 ||   218
         Plate armour      |       |       |       |    72 ||    72
  Dodge: Dodged            |    44 |   107 |   108 |    95 ||   354
  Block: Buckler           |     6 |       |       |       ||     6
         Kite shield       |    22 |   119 |   114 |   171 ||   426
